 Dungeon Crawl Stone Soup version 0.22-a0-409-gb855193 (webtiles) character file.

79 Opti87 the Chopper (level 4, -3/41 HPs)
             Began as a Hill Orc Monk on May 10, 2018.
             Slain by a gnoll
             ... wielding a +0 spear
              (5 damage)
             ... on level 2 of the Dungeon.
             The game lasted 00:08:28 (2563 turns).

Opti87 the Chopper (Hill Orc Monk)                  Turns: 2563, Time: 00:08:28

Health: -3/41      AC:  3    Str: 14    XL:     4   Next: 38%
Magic:  4/4        EV: 12    Int: 10    God:
Gold:   129        SH:  0    Dex: 13    Spells: 3/3 levels left

rFire    . . .     SeeInvis .   q - +0 war axe
rCold    . . .     Gourm    .   (no shield)
rNeg     . . .     Faith    .   k - +0 leather armour
rPois    .         Spirit   .   (no helmet)
rElec    .         Reflect  .   (no cloak)
rCorr    .         Harm     .   (no gloves)
MR       .....                  (no boots)
Stlth    ++........             (no amulet)
HPRegen  0.13/turn              (no ring)
MPRegen  0.09/turn              (no ring)

@: no status effects
A: no striking features
a: no special abilities


You were on level 2 of the Dungeon.
You were not hungry.

You visited 1 branch of the dungeon, and saw 2 of its levels.

You collected 129 gold pieces.

Inventory:

Hand Weapons
 a - a +0 hand axe
 q - a +0 war axe (weapon)
Missiles
 h - 44 stones (quivered)
Armour
 b - a +0 robe
 k - a +0 leather armour (worn)
Jewellery
 n - an uncursed ring of see invisible {unknown}
 p - an uncursed ring of see invisible {unknown}
Scrolls
 d - 2 scrolls of remove curse
 g - 3 scrolls of identify {unknown}
 l - 2 scrolls of teleportation {unknown}
 o - a scroll of immolation {unknown}
 r - 2 scrolls of magic mapping
Potions
 e - a potion of might {unknown}
 f - a potion of heal wounds {unknown}
 i - a potion of brilliance {unknown}
 j - a potion of berserk rage {unknown}
 m - a potion of agility {unknown}
 s - a potion of mutation {unknown}
 t - a potion of curing {unknown}
 u - 2 potions of invisibility {unknown}
Comestibles
 c - 6 rations


   Skills:
 + Level 4.4 Fighting
 + Level 5.3 Axes
 + Level 0.2 Throwing
 * Level 1.9 Armour
 - Level 2.4 Dodging
 - Level 1.5 Stealth


You had 3 spell levels left.
You didn't know any spells.

Dungeon Overview and Level Annotations

Branches:
Dungeon (2/15)

Altars:


Message History

You are too injured to fight recklessly!
You are too injured to fight recklessly!
You are too injured to fight recklessly!
You are too injured to fight recklessly!
You closely miss the gnoll. The gnoll barely misses you. x2
The gnoll hits you but does no damage.
You hit the gnoll but do no damage. The gnoll barely misses you.
The gnoll hits you from afar with a halberd.
You barely miss the gnoll. The gnoll hits you with a spear!
The gnoll closely misses you.
You slash the gnoll!
The gnoll is severely wounded.
The gnoll hits you with a spear.
* * * LOW HITPOINT WARNING * * *
The gnoll hits you from afar with a halberd.
* * * LOW HITPOINT WARNING * * *
As you read the scroll labeled YMIOBOHECEO, it crumbles to dust.
You feel aware of your surroundings.
It was a scroll of magic mapping.
The gnoll hits you with a spear.
You die...

*,* #.......##... #.#
#.......##.## #.#
#######.).... #.#
#...... #.# #..#...
#.# #..#.## #g#
######...... #g#
#...........
#@#####.#####.#.##
#(##..............
#(##.#..####..#.##
#(##.#..##........
#(##.......#..#.##
####.##.............#
#....................
####.##..............
#..##..#..#.#..#..#


You could see 2 gnolls.

Vanquished Creatures
  A gnoll (D:2)
  2 adders (D:2)
  A worm (D:2)
  A dart slug (D:1)
  2 leopard geckos
  3 giant cockroaches
  5 goblins
  4 hobgoblins (D:1)
  7 jackals
  3 kobolds
  5 bats
  3 frilled lizards
  5 rats
42 creatures vanquished.

Notes
Turn   | Place    | Note
-------+----------+-------------------------------------------
     0 | D:1      | Opti87 the Hill Orc Monk began the quest for the Orb.
     0 | D:1      | Reached XP level 1. HP: 19/19 MP: 1/1
    43 | D:1      | Reached XP level 2. HP: 11/27 MP: 2/2
    59 | D:1      | Reached skill level 1 in Armour
   590 | D:1      | Reached XP level 3. HP: 32/33 MP: 3/3
  1257 | D:2      | Reached skill level 5 in Axes
  1954 | D:2      | Reached XP level 4. HP: 40/41 MP: 4/4
  2562 | D:2      | HP: 2/41 [gnoll/halberd (6)]
  2563 | D:2      | Slain by a gnoll

Vault maps used:
D:1:      lightli_arrival_noodles, minmay_pentomino_s4

Skill      XL: |  1  2  3 |
---------------+----------+-----
Fighting       | 4 |  4.4
Armour         | 1 |  1.9
Axes           | 5 |  5.3
Throwing       | |  0.2
Dodging        | |  2.4
Stealth        | |  1.5

Action                   |  1- 3 |  4- 6 || total
-------------------------+-------+-------++-------
Melee: Hand axe          |   102 |       ||   102
       War axe           |     5 |    44 ||    49
Throw: Stone             |    15 |     5 ||    20
  Use: Scroll            |       |     2 ||     2
 Stab: Sleeping          |     1 |     1 ||     2
  Eat: Chunk             |     2 |       ||     2
       Ration            |     1 |       ||     1
Armor: Robe              |     6 |       ||     6
       Leather armour    |    19 |     9 ||    28
Dodge: Dodged            |    84 |    29 ||   113

Table legend:
 A = Spawn XP
 B = Non-spawn XP
 C = Spawn XP percentage of total XP
 D = Spawn monster count
 E = Non-spawn monster count
 F = Spawn count percentage of total count
 G = Total turns spent on level
                    A         B        C        D         E        F      G
               +---------+---------+-------+---------+---------+-------+---------
         Total |       0 |     114 |   0.0 |       0 |      42 |   0.0 |  2563
               +---------+---------+-------+---------+---------+-------+---------
           D:1 |       0 |      40 |   0.0 |       0 |      21 |   0.0 |  1124
           D:2 |       0 |      74 |   0.0 |       0 |      21 |   0.0 |  1439
               +---------+---------+-------+---------+---------+-------+---------
